 Dungeon Crawl Stone Soup version 0.29.1-13-g9f3cf754e1 (webtiles) character file.

Game seed: 1581735102403296005

49 bubby the Vexing (level 3, 0/27 HPs)
             Began as a Barachi Arcane Marksman on Jan 19, 2023.
             Slain by a goblin
             ... wielding a +0 dagger
             ... led by Robin
              (4 damage)
             ... on level 2 of the Dungeon.
             The game lasted 00:04:02 (1465 turns).

bubby the Vexing (Barachi Arcane Marksman)          Turns: 1465, Time: 00:04:03

Health: 0/27       AC:  2    Str: 11    XL:     3   Next: 75%
Magic:  4/5        EV: 12    Int: 13    God:
Gold:   74         SH:  0    Dex: 14    Spells: 4/5 levels left

rFire   . . .      SeeInvis .   a - +1 sling
rCold   . . .      Faith    .   (no shield)
rNeg    . . .      Spirit   .   c - +0 robe
rPois   .          Reflect  .   (no helmet)
rElec   .          Harm     .   (no cloak)
rCorr   .          Rampage  .   (no gloves)
Will    .....                   (no boots)
Stlth   +.........              (no amulet)
HPRegen 0.09/turn               (no ring)
MPRegen 0.09/turn               (no ring)

@: slow
A: amphibious, slowness 1, strong legs 1, +LOS
a: Hop


You were on level 2 of the Dungeon.
You visited 1 branch of the dungeon, and saw 2 of its levels.

You collected 74 gold pieces.

Inventory:

Hand Weapons
 a - a +1 sling (weapon)
Armour
 c - a +0 robe (worn)
Scrolls
 b - 2 scrolls of poison
 d - a scroll of fog {unknown}
 f - a scroll of teleportation {unknown}
 g - 2 scrolls of magic mapping {unknown}
 h - a scroll of vulnerability {unknown}
 l - a scroll of blinking {unknown}
 m - a scroll of fear {unknown}
Potions
 e - a potion of magic {unknown}
 i - a potion of curing {unknown}
 j - a potion of mutation {unknown}
 k - a potion of brilliance {unknown}


   Skills:
 + Level 2.1 Fighting
 + Level 2.5 Ranged Weapons
 + Level 2.7 Dodging
 + Level 1.8 Spellcasting
 + Level 3.6 Hexes


You had 4 spell levels left.
You knew the following spells:

 Your Spells              Type           Power      Damage    Failure   Level
a - Slow                  Hex            40%        N/A       6%          1

Your spell library contained the following spells:

 Spells                   Type           Power      Damage    Failure   Level
 Inner Flame              Hex/Fire       5%         N/A       36%         3
 Portal Projectile        Hex/Tloc       10%        N/A       36%         3
 Cause Fear               Hex            5%         N/A       50%         4


Dungeon Overview and Level Annotations

Branches:
Dungeon (2/15)

Altars:
Yredelemnul

Annotations:
D:2 Robin


Innate Abilities, Weirdness & Mutations

You are amphibious.
You cover ground slowly.
You can hop short distances.
You have an extended range of vision and can be seen from far away.


Message History

The goblin barely misses you.
Casting: Slow (safe; 6% risk of failure)
Confirm with . or Enter, or press ? or * to list all spells.
Aiming: Slow (safe; 6% risk of failure)
Press: ? - help, Shift-Dir - straight line, f/p - goblin
Aim: a goblin, wielding a +0 dagger (chance to affect: 66%)
You miscast Slow.
You are very lightly contaminated with residual magic.
Nothing appears to happen.
The goblin no longer looks unusually strong.
The goblin barely misses you.
Casting: Slow (safe; 6% risk of failure)
Confirm with . or Enter, or press ? or * to list all spells.
Aiming: Slow (safe; 6% risk of failure)
Press: ? - help, Shift-Dir - straight line, f/p - goblin
Aim: a goblin, wielding a +0 dagger (chance to affect: 66%)
The goblin struggles to resist.
The goblin attacks as you move away! The goblin barely misses you.
The goblin no longer looks unusually strong.
Casting: Slow (safe; 6% risk of failure)
Confirm with . or Enter, or press ? or * to list all spells.
Aiming: Slow (safe; 6% risk of failure)
Press: ? - help, Shift-Dir - straight line, f/p - goblin
Aim: a goblin, wielding a +0 dagger (chance to affect: 66%)
The goblin seems to slow down.
The goblin no longer looks unusually strong.
The goblin hits you but does no damage.
Your magical contamination has completely faded away.
Found a basalt altar of Yredelemnul.
Robin roars a battlecry!
The goblins go into a battle-frenzy!
The goblin unwields a +0 dagger.
The goblin wields a +0 sling.
The goblin shoots a sling bullet.
The sling bullet hits you.
* * * LOW HITPOINT WARNING * * *
Robin throws the goblin at you!
* * * LOW HITPOINT WARNING * * *
The goblin hits you with a +0 dagger.
* * * LOW HITPOINT WARNING * * *
The goblin hits you with a +0 dagger.
You die...

##...## #... .._...
#..#..###.# #......#
##.###.))..# #......##
#...#..###.# ........#
#.#....# #.# #..# #..#
#.##.#.# #.####..###..##
#.##...# #.......##....#
#.###..# ##......##.#..#
#......#
#.@.g.g##....#####.
#####.###
#..g....r..g....... #...#
#.....#######.####. ###.#
#.....# #.# #.# #######
#.# #.# #g#####
#.###############.g..gg
#.#......#.........####
####.#.####.#.#######.####


You could see 3 goblins and a rat.

Vanquished Creatures
  3 dart slugs (D:1)
  3 orcs (D:2)
  4 bats (D:1)
  An endoplasm (D:1)
  3 giant cockroaches (D:1)
  6 hobgoblins
  A quokka (D:1)
  3 ball pythons
  2 frilled lizards (D:1)
  5 goblins
  2 kobolds (D:1)
  3 rats
36 creatures vanquished.

Vanquished Creatures (others)
  2 plants (D:1)
2 creatures vanquished.

Grand Total: 38 creatures vanquished

Notes
Turn   | Place    | Note
-------+----------+-------------------------------------------
     0 | D:1      | bubby the Barachi Arcane Marksman began the quest for the
                  | Orb.
     0 | D:1      | Reached XP level 1. HP: 15/15 MP: 2/2
   244 | D:1      | Reached XP level 2. HP: 17/21 MP: 3/3
   794 | D:1      | Reached XP level 3. HP: 26/27 MP: 5/5
   840 | D:1      | Found a faded altar of an unknown god.
  1424 | D:2      | Noticed Robin
  1463 | D:2      | Found a basalt altar of Yredelemnul.
  1465 | D:2      | Slain by a goblin

Illustrated notes

Levels and vault maps discovered:
D:1:      ncdulo_lavacross, layout_loops_corners,
          shapermc_ecumenical_altar_mp_ritualfount, wad_floor_pattern_2
D:2:      layout_loops_cross, basic_altar, uniq_robin

Skill      XL: |  1  2  3 |
---------------+----------+-----
Fighting       | 2 |  2.1
Ranged Weapons | |  2.5
Dodging        | |  2.7
Spellcasting   | |  1.8
Hexes          | |  3.6

Action                   || total
-------------------------++-------
 Fire: Sling             ||    96
 Cast: Slow              ||     7
 Abil: Hop               ||     1
Armor: Robe              ||     5
Dodge: Dodged            ||    24
